Unix NetHack Version 3.7.0-82 Work-in-progress - last build Apr 17 2023 03:07:26 (e853d47aa369caa3f400cfc56ad4c4ae4a18b75a,branch:master). Game began 2023-04-22 14:12:21, ended 2023-04-22 14:24:50. tromix, neutral female gnomish Ranger ---- |..----- ---- |...--.-- |..----------......| ...................| ......------....-.-- --....---. ...|.... |^e..........|---- --.r@.........-- |....).<.......| --............-- ..)..........--- -->--..........-- |.||..%dh..--..| -.......|--.| ..)....| --- ----.-- --- Tromix the Lookout St:16 Dx:11 Co:15 In:13 Wi:13 Ch:9 Neutral Dlvl:5 $:121 HP:0(26) Pw:20(20) AC:5 Exp:4 T:2169 Latest messages: Sirius eats a hill orc corpse. You swap places with Sirius. There are several objects here. $ - 30 gold pieces (121 in total). c - a +2 crossbow bolt (in quiver pouch) (55 in total). D - an iron skull cap. E - a wand of speed monster. F - a red gem. G - a white gem. You see here a +2 crossbow bolt. c - a +2 crossbow bolt (in quiver pouch) (56 in total). You are momentarily blinded by a flash of light! You hear a deafening roar! A floating eye suddenly appears next to you! A rock mole suddenly appears next to you! A rock mole suddenly appears next to you! You hit the rock mole. You hit the rock mole. You miss the rock mole. You miss the rock mole. You miss the rock mole. You miss the rock mole. You miss the rock mole. The rock mole bites! You hit the rock mole. You miss the rock mole. You miss the rock mole. The rock mole bites! You can see again. You miss the rock mole. You kill the rock mole! You hit the floating eye. You are frozen by the floating eye's gaze! The rock mole bites! The rock mole bites! The rock mole bites! The rock mole bites! You can hear again. The rock mole bites! The rock mole bites! Sirius drops a curved sword. The rock mole bites! The rock mole bites! The rock mole bites! You die... Do you want your possessions identified? [ynq] (y) y Do you want to see your attributes? [ynq] (y) y Do you want an account of creatures vanquished? [ynaq] (y) y Do you want to see your conduct and achievements? [ynq] (y) y Do you want to see the dungeon overview? [ynq] (y) y Inventory: Coins $ - 121 gold pieces Weapons c - 56 +2 crossbow bolts (in quiver pouch) d - 37 +0 crossbow bolts b - a +1 crossbow (alternate weapon; not wielded) a - a +1 dagger (weapon in hand) A - 3 +0 daggers r - a +0 elven dagger Armor D - an uncursed +0 orcish helm x - an uncursed +0 pair of iron shoes (being worn) e - an uncursed +2 cloak of displacement (being worn) Comestibles f - 4 uncursed cram rations n - an uncursed food ration B - an uncursed sprig of wolfsbane Scrolls l - an uncursed scroll of remove curse t - an uncursed scroll of scare monster i - 2 uncursed scrolls of teleportation Potions m - an uncursed potion of confusion Wands E - a wand of speed monster (0:6) Tools p - a cursed can of grease (0:9) y - a +0 pick-axe g - an uncursed tin opener Gems/Stones G - an uncursed diamond F - an uncursed jasper stone h - an uncursed worthless piece of orange glass w - 2 uncursed worthless pieces of white glass z - an uncursed worthless piece of yellow glass Tromix the Ranger's attributes: Background: You were a Lookout, a level 4 female gnomish Ranger. You were neutral, nominally on a mission for Venus who was opposed by Mercury (lawful) and Mars (chaotic). You were in the Gnomish Mines, on level 5. You entered the dungeon 2169 turns ago. There was a new moon in effect when your adventure ended. You had 123 experience points, 37 more were needed to attain level 5. Basics: You had 0 out of 26 hit points. You had all 20 energy points (spell power). Your armor class was 5. Your wallet contained 121 zorkmids. Autopickup was off. Final Characteristics: Your strength was 16 (limit:18/50). Your dexterity was 11 (limit:18). Your constitution was 15 (limit:18). Your intelligence was 13 (limit:19). Your wisdom was 13 (limit:18). Your charisma was 9 (limit:18). Final Status: You were not hungry. You were unencumbered. You were wielding a dagger. You had basic skill with dagger. Final Attributes: You were piously aligned. You were telepathic. You had automatic searching. You had infravision. You were displaced. You were warded. You are dead. Miscellaneous: You disabled loading of bones levels. Total elapsed playing time was 12 minutes and 28 seconds. Major events: Turn 1: tromix the neutral female gnomish Ranger entered the dungeon 1285: attained the rank of Lookout (level 3) 1516: entered the Gnomish Mines 2169: killed by a rock mole, while frozen by a floating eye's gaze Vanquished creatures: 2 rock moles a floating eye a dwarf 4 hill orcs an orc zombie an iguana 3 hobbits a giant rat a yellow mold 2 gnomes 2 geckos 3 jackals a fox 7 sewer rats 5 grid bugs a bat 5 lichens 3 kobold zombies 3 newts 47 creatures vanquished. No species were genocided or became extinct. Voluntary challenges: You were an atheist. You were illiterate. You never engraved Elbereth. You never genocided any monsters. You never polymorphed an object. You never changed form. You used no wishes. Achievements: You entered a shop. You attained the rank of Lookout. You entered the Gnomish Mines. The Dungeons of Doom: levels 1 to 6 Level 1: A fountain. Level 2: Many fountains, a sink. Level 3: A general store. Level 4: A fountain. Stairs down to The Gnomish Mines. Level 5: A fountain. Level 6: The Gnomish Mines: Level 5: <- You were here. Final resting place for you, killed by a rock mole, while frozen by a floating eye's gaze. Game over: ---------- / \ / REST \ / IN \ / PEACE \ / \ | tromix | | 121 Au | | killed by a rock | | mole | | | | | | 2023 | *| * * * | * _________)/\\_//(\/(/\)/\//\/|_)_______ Goodbye tromix the Ranger... You died in The Gnomish Mines on dungeon level 5 with 851 points, and 121 pieces of gold, after 2169 moves. You were level 4 with a maximum of 26 hit points when you died.